Map: Ulrena

Players

Wolfie

  • Race: Terran Terran
  • League: Silver

eranww - Winner!

  • Race: Zerg Zerg

VOD

Have the link to the VOD?

Description

Time

  • Played on: Dec. 8, 2015, 7:18 a.m.
  • Length: 11:19
Show
View Real Time Build Order
Export as new Build Order

Wolfie Terran 

Build Orders:  

Get SALT Encoding   

  12  0:01  SCV  
  13  0:13  SCV  
  14  0:19  Supply Depot  
  14  0:25  SCV  
  15  0:33  Refinery  
  15  0:41  SCV  
  16  0:48  Barracks  
  16  0:53  SCV  
  17  1:05  SCV  
  18  1:13  Barracks  
  18  1:17  SCV  
  19  1:35  Orbital Command  
  19  1:39  Reaper  
  20  1:46  Barracks  
  20  2:03  Reaper  
  21  2:11  Reaper  
  21  2:12  SCV  
  21  2:15  Refinery  
  23  2:30  Supply Depot  
  23  2:32  Supply Depot  
  23  2:47  Supply Depot  
  23  2:52  SCV, Reaper x2  
  23  2:54  Reaper  
  27  3:04  SCV  
  28  3:16  SCV  
  28  3:28  SCV  
  28  3:36  Reaper  
  28  3:37  Reaper x2  
  28  3:40  SCV  
  32  3:45  Command Center  
  32  3:50  Engineering Bay  
  31  4:08  Reaper  
  32  4:17  Reaper x2  
  32  4:41  Reaper  
  33  4:49  Reaper  
  31  4:54  Reaper  
  28  5:13  Reaper  
  29  5:21  Reaper  
  29  5:26  Reaper  
  31  5:31  Barracks  
  31  5:32  Barracks  
  31  5:34  Engineering Bay  
  31  5:39  SCV  
  32  5:51  SCV  
  32  5:53  Reaper  
  31  5:59  Marine  
  31  6:03  SCV  
  34  6:15  SCV  
  34  6:17  Marine  
  35  6:21  Bunker  
  35  6:24  Bunker  
  35  6:25  Marine  
  35  6:27  SCV  
  35  6:28  Bunker  
  35  6:31  Marine  
  35  6:32  Marine x2  
  40  6:34  Terran Infantry Weapons Level 1  
  40  6:35  Marine  
  40  6:38  Terran Infantry Armor Level 1  
  40  6:39  SCV  
  42  6:42  SCV, Factory  
  42  6:43  Marine  
  44  6:49  Marine x2  
  44  6:50  Marine  
  44  6:51  SCV  
  44  6:52  Marine  
  49  6:54  SCV  
  49  7:01  Marine  
  50  7:02  Factory  
  50  7:06  Factory  
  50  7:07  Factory, Marine x3  
  54  7:10  Refinery, Marine  
  55  7:22  SCV, Refinery  
  56  7:23  SCV  
  57  7:34  SCV  
  57  7:36  SCV  
  59  7:41  Factory Tech Lab  
  59  7:43  Marine x3  
  62  7:51  Supply Depot  
  62  7:56  Supply Depot  
  62  7:57  Supply Depot  
  62  8:04  Marine x3  
  62  8:06  Marine  
  62  8:07  Marine  
  44  8:22  Marine x3  
  44  8:23  Siege Tank, Marine  
  44  8:25  Marine  
  52  8:28  Factory Tech Lab  
  51  8:39  Marine  
  51  8:40  Marine x2  
  54  8:43  Marine  
  55  8:49  Siege Tank  
  58  8:55  Siege Tank  
  58  8:58  Supply Depot  
  61  9:04  SCV  
  62  9:16  SCV  
  63  9:21  Siege Tank  
  66  9:28  SCV  
  67  9:40  SCV  
  58  9:53  SCV  
  59  10:05  SCV  
  33  10:23  SCV  
  33  10:25  SCV  
  33  10:27  Marine x5  
  37  10:29  Siege Tank  
  37  10:33  Siege Tank  
  37  10:37  SCV  
  31  10:45  Marine x4  
  31  10:46  Marine  
  31  10:49  SCV, Widow Mine  
  37  11:01  SCV  
Show
View Real Time Build Order
Export as new Build Order

eranww Zerg - Winner!

Build Orders: Hatch First, Lurkers 

Get SALT Encoding   

  12  0:01  Drone  
  13  0:13  Drone  
  14  0:36  Hatchery  
  14  0:42  Overlord  
  13  0:50  Drone  
  14  1:06  Spawning Pool  
  14  1:07  Drone  
  14  1:13  Drone, Extractor  
  14  1:18  Drone  
  15  1:25  Drone  
  16  1:29  Drone  
  17  1:42  Drone  
  18  1:54  Queen x2  
  18  1:56  Drone  
  18  1:59  Drone  
  24  2:03  Drone  
  25  2:10  Overlord  
  25  2:29  Metabolic Boost, Extractor  
  24  2:40  Drone  
  24  2:41  Drone x3  
  24  2:42  Evolution Chamber, Drone  
  28  2:46  Drone  
  29  2:52  Drone  
  29  2:55  Drone  
  31  3:06  Zergling x2  
  31  3:07  Zergling x6  
  31  3:08  Overlord  
  35  3:17  Zerg Missile Weapons Level 1  
  35  3:24  Queen  
  34  3:37  Drone x3  
  37  3:45  Lair  
  37  3:50  Drone  
  37  3:51  Drone x2  
  40  4:00  Queen  
  42  4:06  Zergling x2  
  42  4:08  Overlord x3  
  43  4:30  Drone  
  43  4:31  Drone x5  
  48  4:33  Extractor  
  48  4:35  Extractor  
  46  5:07  Drone  
  46  5:08  Drone x2  
  46  5:09  Zergling x4  
  46  5:10  Zergling x4  
  54  5:28  Zergling x2  
  54  5:29  Zergling x2  
  55  5:35  Zerg Ground Armor Level 1  
  55  5:36  Hydralisk Den  
  55  5:41  Evolution Chamber  
  53  5:47  Drone  
  53  5:48  Drone x8  
  53  5:49  Hatchery  
  61  6:01  Hatchery  
  61  6:02  Hatchery  
  59  6:07  Extractor  
  59  6:08  Extractor  
  59  6:10  Hatchery, Drone  
  59  6:11  Drone x5  
  62  6:22  Overlord x2  
  62  6:28  Overseer  
  62  6:39  Zergling x6  
  65  6:44  Zergling x2  
  65  6:45  Zergling x6  
  69  6:59  Lurker Den  
  69  7:00  Hydralisk  
  69  7:01  Hydralisk x3  
  71  7:06  Zerg Missile Weapons Level 2  
  71  7:08  Hydralisk  
  79  7:18  Drone  
  79  7:20  Drone  
  81  7:23  Drone x3  
  81  7:26  Zergling x2  
  81  7:27  Zergling x2  
  86  7:35  Hydralisk x5  
  86  7:36  Hydralisk x3  
  102  7:44  Overseer  
  95  8:27  Hydralisk  
  95  8:28  Hydralisk x5  
  95  8:31  Overlord x7  
  105  8:36  Lurker x3  
  108  8:43  Extractor  
  108  8:44  Drone  
  108  8:45  Drone, Extractor  
  108  8:53  Drone x15  
  108  8:54  Drone x4  
  127  9:00  Spore Crawler  
  126  9:06  Spore Crawler  
  125  9:15  Hydralisk  
  125  9:16  Hydralisk x4  
  134  9:49  Hydralisk  
  134  9:50  Hydralisk x8  
  148  10:29  Zergling x2  
  148  10:30  Zergling x32  
  148  10:33  Overlord  
  161  10:45  Lurker x2  
  161  10:47  Overlord  
  161  10:48  Overlord x4  
Tags
 
Composition
Lurkers
League
Silver
Matchup
TvZ
Add a new tag
Caveats
  • Supply blocks, unpowered buildings, or Contaminate may cause inaccurate times.
  • Supply counts are checked every 10 seconds.